 Dungeon Crawl Stone Soup version 0.28.0 (webtiles) character file.

Game seed: 11359128645550388472

147 Scalesting the Bolt Thrower (level 5, -23/44 HPs)
             Began as a Draconian Hunter on Feb 11, 2022.
             Was an Initiate of Hepliaklqana.
             Annihilated by a shadow (27 damage)
             ... created by the darkness of Dithmenos
             ... on level 3 of the Dungeon.
             The game lasted 00:21:19 (3238 turns).

Scalesting the Bolt Thrower (Draconian Hunter)      Turns: 3238, Time: 00:21:20

Health: -23/44     AC:  5    Str: 17    XL:     5   Next: 8%
Magic:  5/5        EV: 12    Int: 11    God:    Hepliaklqana [......]
Gold:   108        SH:  0    Dex: 11    Spells: 4/4 levels left

rFire   . . .      SeeInvis .   a - +1 hand crossbow
rCold   . . .      Faith    .   (no shield)
rNeg    . . .      Spirit   .   (armour unavailable)
rPois   .          Reflect  .   (helmet restricted)
rElec   .          Harm     .   (no cloak)
rCorr   .          Rampage  .   (no gloves)
Will    .....                   (no boots)
Stlth   ++........              (no amulet)
HPRegen 0.14/turn               (no ring)
MPRegen 0.09/turn               (no ring)

@: no status effects
A: AC +5, unfitting armour, cold-blooded
a: Renounce Religion


You were on level 3 of the Dungeon.
You worshipped Hepliaklqana.
Hepliaklqana was noncommittal.
You visited 1 branch of the dungeon, and saw 3 of its levels.

You collected 108 gold pieces.

Inventory:

Hand Weapons
 a - a +1 hand crossbow (weapon)
 e - a +0 hunting sling
 g - a +2 hand axe of venom
Missiles
 c - 6 bolts (quivered ammo)
 d - 44 arrows
 f - 63 stones
 h - 22 sling bullets
Scrolls
 i - a scroll of magic mapping
Potions
 b - a potion of resistance


   Skills:
 + Level 2.9 Fighting
 + Level 0.3 Short Blades
 + Level 1.8 Axes
 + Level 5.0 Crossbows
 + Level 2.0 Dodging
 + Level 1.2 Stealth


You had 4 spell levels left.
You didn't know any spells.
Your spell library was empty.

Dungeon Overview and Level Annotations

Branches:
Dungeon (3/15)

Altars:
Dithmenos
Hepliaklqana


Innate Abilities, Weirdness & Mutations

Your plain brown scales are hard. (AC +5)
You cannot fit into any form of body armour.
You are cold-blooded and may be slowed by cold attacks.


Message History

The shadow hits you.
* * * LOW HITPOINT WARNING * * *
Okay, then.
Aiming: Charm
Press: ? - help, Shift-Dir - straight line, f/p - shadow
Aim: a shadow (moderately damaged, durably summoned, chance to affect: 31%)
The shadow easily resists.
The now-empty wand crumbles to dust.
The shadow barely misses you.
Your +2 hand axe of venom stops dripping with poison.
a - a +1 hand crossbow (weapon)
Fire: 10 bolts
Press: ? - help, Q - select action, (/) - cycle Shift-Dir - straight line, f/p - shadow
Aim: a shadow (moderately damaged, durably summoned, 64% to hit)
You shoot a bolt. The bolt hits the shadow.
The shadow is heavily damaged.
The shadow hits you. x2
* * * LOW HITPOINT WARNING * * *
Fire: 9 bolts
Press: ? - help, Q - select action, (/) - cycle Shift-Dir - straight line, f/p - shadow
Aim: a shadow (heavily damaged, durably summoned, 64% to hit)
You shoot a bolt. The bolt hits the shadow.
The shadow is heavily damaged.
The shadow hits you.
* * * LOW HITPOINT WARNING * * *
Okay, then.
Okay, then.
Fire: 8 bolts
Press: ? - help, Q - select action, (/) - cycle Shift-Dir - straight line, f/p - shadow
Aim: a shadow (heavily damaged, durably summoned, 64% to hit)
You shoot a bolt. The bolt hits the shadow.
The shadow is severely damaged.
The shadow slips into darkness.
The shadow flickers and vanishes!
Deactivating autopickup; reactivate with Ctrl-A.
Fire: 7 bolts
Press: ? - help, Q - select action, (/) - cycle Shift-Dir - straight line You shoot a bolt.
The shadow strikes at you from the darkness!
Ouch! That really hurt!
You die...

## #.# #.# #.........#.## # #.#
#.###.###.####.## # #.#
#...<.....# ### ## # ########.#
#####.##### #. ## #.....##.# #.#
###. .###.###.##.# #.#### ##.#.
..##.###....# #..#.## ##..#.
...#.##((.##########....####...##
...'...........{@..........'...##
...#.##...######........####[..##
..##.##..## #.###.#..# ##...#
.###.....# #.# #....# ##... ##
####.## #.# ###..# ##.. # #.# #.#
#..# #.. #######.# #.#####..# #..
.....##.# #........#######.. #
#.##.# #######.##.....##.


There were no monsters in sight!

Vanquished Creatures
  A shadow (D:3)
  2 orc wizards (D:3)
  2 adders (D:3)
  A worm (D:2)
  2 dart slugs (D:1)
  8 orcs (D:3)
  5 bats
  4 endoplasms
  A giant cockroach (D:2)
  6 goblins
  5 hobgoblins
  2 jackals (D:3)
  4 quokkas
  3 ball pythons
  2 frilled lizards
  7 kobolds
  8 rats
63 creatures vanquished.

Vanquished Creatures (others)
  An orc (D:3)
  A goblin (D:3)
2 creatures vanquished.

Grand Total: 65 creatures vanquished

Notes
Turn   | Place    | Note
-------+----------+-------------------------------------------
     0 | D:1      | Scalesting the Draconian Hunter began the quest for the
                  | Orb.
     0 | D:1      | Reached XP level 1. HP: 17/17 MP: 1/1
   133 | D:1      | Reached skill level 4 in Crossbows
   141 | D:1      | Reached XP level 2. HP: 24/24 MP: 2/2
   447 | D:1      | Reached skill level 1 in Stealth
   939 | D:2      | Reached XP level 3. HP: 30/30 MP: 3/3
  1648 | D:3      | Reached XP level 4. HP: 37/37 MP: 4/4
  1682 | D:3      | Reached skill level 1 in Axes
  2126 | D:3      | Found a faded altar of an unknown god.
  2128 | D:3      | Found a faded altar of an unknown god.
  2128 | D:3      | Found a hazy altar of Hepliaklqana.
  2131 | D:3      | Prayed at the altar of an unknown god.
  2131 | D:3      | Became a worshipper of Dithmenos the Shadowed
  2131 | D:3      | Reached * piety under Dithmenos
  2141 | D:3      | Fell from the grace of Dithmenos
  2141 | D:3      | Became a worshipper of Hepliaklqana the Forgotten
  2314 | D:3      | Reached XP level 5. HP: 42/44 MP: 5/5
  2791 | D:3      | Reached skill level 5 in Crossbows
  2845 | D:3      | Noticed a shadow
  2845 | D:3      | Noticed a shadow
  2845 | D:3      | Noticed a shadow
  2932 | D:3      | Killed a shadow
  3238 | D:3      | Annihilated by a shadow

Illustrated notes

Levels and vault maps discovered:
D:1:      dpeg_arrival_three_same_balls, layout_loops_ring
D:2:      layout_loops_ring
D:3:      layout_loops_corners, nicolae_hepliaklqana_ecumenical_no_more,
          wad_orctagon

Skill      XL: |  1  2  3  4  5 |
---------------+----------------+-----
Crossbows      | 4 5 |  5.0
Stealth        | 1 |  1.2
Dodging        | 2 |  2.0
Axes           | 1 |  1.8
Fighting       | |  2.9
Short Blades   | |  0.3

Action                   |  1- 3 |  4- 6 || total
-------------------------+-------+-------++-------
Melee: Short sword       |     3 |       ||     3
       Hand axe          |    25 |    36 ||    61
       Tailslap          |     3 |     4 ||     7
 Fire: Hand crossbow     |    57 |    25 ||    82
Throw: Stone             |       |     3 ||     3
Evoke: Wand              |       |     4 ||     4
  Use: Scroll            |     6 |     3 ||     9
       Potion            |     1 |     1 ||     2
Armor: Skin              |    18 |    17 ||    35
Dodge: Dodged            |     6 |    13 ||    19
